 Dungeon Crawl Stone Soup version 0.27.1-2-g3b301248ec (webtiles) character file.

Game seed: 17876232511516028088

6170 Borgoz the Fighter (level 10, -4/68 HPs)
             Began as a Gargoyle Berserker on Sept 26, 2021.
             Was an Elder of Trog.
             Splashed by an acid dragon's acid (12 damage)
             ... on level 9 of the Dungeon.
             The game lasted 00:08:04 (10718 turns).

Borgoz the Fighter (Gargoyle Berserker)            Turns: 10718, Time: 00:08:05

Health: -4/68      AC: 10    Str: 22    XL:     10   Next: 91%
Magic:  10/10      EV: 21    Int:  9    God:    Trog [****..]
Gold:   562        SH:  0    Dex: 12    Spells: 9/9 levels left

rFire    . . .     SeeInvis .   B - +4 mace "Omelette" {vorpal, Int+2}
rCold    . . .     Faith    .   (no shield)
rNeg     + . .     Spirit   .   b - +0 animal skin
rPois    ∞         Reflect  .   (no helmet)
rElec    +         Harm     .   E - +0 cloak
rCorr    .         Rampage  .   G - +0 pair of gloves
Will     ++...                  F - +0 pair of boots
Stlth    +.........             (no amulet)
HPRegen  1.21/turn              w - +4 ring of evasion
MPRegen  0.12/turn              l - +4 ring of evasion

@: strong-willed, corroded, regenerating
A: sickness immunity, AC +7, negative energy resistance 1, electricity
resistance, torment resistance 1, petrification resistance
a: Renounce Religion, Berserk, Trog's Hand, Brothers in Arms


You were on level 9 of the Dungeon.
You worshipped Trog.
Trog was greatly pleased with you.
You visited 1 branch of the dungeon, and saw 9 of its levels.
You also visited: Ossuary.

You collected 595 gold pieces.
You spent 33 gold pieces at shops.

Inventory:

Hand Weapons
 B - the +4 mace "Omelette" (weapon) {vorpal, Int+2}
   (You found it on level 6 of the Dungeon)

   It inflicts extra damage upon your enemies.
   Int:       It affects your intelligence (+2).
Armour
 b - a +0 animal skin (worn)
 E - a +0 cloak (worn)
 F - a +0 pair of boots (worn)
 G - a +0 pair of gloves (worn)
Jewellery
 l - a +4 ring of evasion (right hand)
 m - a ring of protection from cold
 w - a +4 ring of evasion (left hand)
Scrolls
 a - a scroll of vulnerability {unknown}
 f - a scroll of fog {unknown}
 g - a scroll of brand weapon {unknown}
 h - 4 scrolls of teleportation
 i - 2 scrolls of torment {unknown}
 j - 9 scrolls of identify {unknown}
 k - a scroll of magic mapping {unknown}
 n - a scroll of summoning {unknown}
 o - 2 scrolls of immolation {unknown}
 p - a scroll of enchant weapon {unknown}
 q - 2 scrolls of enchant armour {unknown}
 s - 2 scrolls of blinking {unknown}
 u - a scroll of noise {unknown}
 y - a scroll of amnesia {unknown}
 z - a scroll of fear {unknown}
Potions
 c - a potion of flight {unknown}
 d - 3 potions of mutation {unknown}
 e - 7 potions of curing
 r - 2 potions of degeneration {unknown}
 t - a potion of brilliance {unknown}
 v - a potion of ambrosia {unknown}
 x - a potion of magic {unknown}
 A - 2 potions of attraction {unknown}
 C - a potion of cancellation {unknown}
 D - 3 potions of lignification {unknown}
 H - a potion of resistance {unknown}


   Skills:
 * Level 10.0 Fighting
 * Level 9.1 Maces & Flails
 * Level 9.7 Armour
 + Level 5.3 Dodging


You had 9 spell levels left.
You didn't know any spells.
Your spell library was empty.

Dungeon Overview and Level Annotations

Branches:
Dungeon (9/15)             Temple (0/1) D:4         Ossuary (visited)
   Lair: D:8-11         Orc: D:9-12

Altars:
Cheibriados
Gozag
Hepliaklqana
Qazlal
Sif Muna
Uskayaw
Wu Jian
Xom
Yredelemnul
The Shining One

Shops:
D:6 *


Innate Abilities, Weirdness & Mutations

You are immune to sickness and miasma.
Your stone body is resilient. (AC +7)
You are immune to poison.
You resist negative energy. (rN+)
You are resistant to electric shocks. (rElec)
You are resistant to unholy torment.
You are immune to petrification.


Message History

You miss the orc wizard. The orc wizard barely misses you.
You thump the orc wizard!
The orc wizard is heavily wounded.
The orc wizard casts a spell.
The orc wizard flickers and vanishes!
Deactivating autopickup; reactivate with Ctrl-A.
The acid dragon spits acid at you. The splash of acid hits you!
You are splashed with acid!
The orc wizard closely misses you.
You hear an angry buzzing noise.
You hit the orc wizard but do no damage.
The orc wizard is heavily wounded.
The orc priest looks satisfied for a moment.
The orc wizard gestures wildly while chanting.
The orc wizard flickers and vanishes!
You hit the acid dragon.
The acid dragon is moderately wounded.
The acid dragon bites you! The acid dragon closely misses you.
Something hits you but does no damage.
You hit the acid dragon.
The acid dragon is heavily wounded.
The orc wizard gestures wildly while chanting.
The orc wizard flickers and vanishes!
The acid dragon spits acid at you. The splash of acid hits you!
You are splashed with acid!
* * * LOW HITPOINT WARNING * * *
You hear some strange, mumbled words.
A magic dart appears from out of thin air!
The magic dart hits you.
* * * LOW HITPOINT WARNING * * *
Okay, then.
Your skin crawls.
You feel strong-willed. The acid dragon closely misses you.
The acid dragon claws you but does no damage.
The acid dragon spits acid at you. The splash of acid hits you.
* * * LOW HITPOINT WARNING * * *
The acid corrodes you!
You are splashed with acid!
You die...

..###### ##.....#
#.....# #......##
#.....## #<......## .
#....###>$......## ..
###......$.........
...#.................[
.....##.......D{......
.....##.......?.......
...#..)......@o........
...##.##.......##....#.
...##.##.))....# ......
##..##.##).)....#
...##.
#...##.##............#
##..###......#####....#
##..............# ..
.................# #
...)..............#


You could see an acid dragon (catching breath) and an orc priest.

Vanquished Creatures
  2 two-headed ogres
  Pikel (D:8)
  The ghost of diana the Bolt Thrower, a novice KoHu (D:5)
  Joseph (D:8)
  Maggie (D:8)
  An unseen horror (D:7)
  A steam dragon (D:8)
  2 water moccasins
  3 orc warriors
  3 black bears
  An ice beast (D:7)
  2 sky beasts (D:7)
  A necrophage (D:6)
  An ogre (D:4)
  2 phantoms (D:4)
  2 bullfrogs
  An elf zombie (Ossuary)
  A scorpion (D:6)
  A water moccasin skeleton (D:6)
  3 killer bees (D:8)
  3 wights (D:9)
  A howler monkey (D:8)
  A centaur zombie (Ossuary)
  A bullfrog zombie (D:5)
  A hound (D:4)
  4 orc priests
  A bullfrog skeleton (D:6)
  3 jellies
  A human zombie (Ossuary)
  2 centaur skeletons
  Natasha (D:4)
  2 iguanas
  6 orc wizards
  2 hound zombies (Ossuary)
  3 mummies (Ossuary)
  A hound skeleton (D:4)
  2 howler monkey zombies
  3 adders
  3 gnolls (D:5)
  A shadow imp (D:6)
  4 white imps
  An ufetubus (D:6)
  A worm zombie (D:4)
  An adder skeleton (D:4)
  3 adder zombies (Ossuary)
  4 worms
  25 orcs
  5 ball pythons
  A bat (D:1)
  7 endoplasms
  3 giant cockroaches
  2 goblins
  4 hobgoblins
  8 kobolds
  5 quokkas
  3 frilled lizards
  3 goblin zombies (Ossuary)
  3 hobgoblin zombies (Ossuary)
  5 jackal zombies
  4 kobold zombies (Ossuary)
  2 orc zombies (Ossuary)
  7 quokka zombies (Ossuary)
  5 rats
  5 rat zombies (Ossuary)
184 creatures vanquished.

Vanquished Creatures (collateral kills)
  A two-headed ogre (D:5)
1 creature vanquished.

Vanquished Creatures (others)
  A plant (D:3)
  2 withered plants (D:5)
3 creatures vanquished.

Grand Total: 188 creatures vanquished

Notes
Turn   | Place    | Note
-------+----------+-------------------------------------------
     0 | D:1      | Borgoz the Gargoyle Berserker began the quest for the Orb.
     0 | D:1      | Reached XP level 1. HP: 14/14 MP: 1/1
   381 | D:1      | Reached XP level 2. HP: 19/19 MP: 2/2
  1314 | D:2      | Reached XP level 3. HP: 19/23 MP: 3/3
  1834 | D:2      | Found a faded altar of an unknown god.
  1914 | D:2      | Reached ** piety under Trog
  2923 | D:3      | Reached XP level 4. HP: 29/29 MP: 4/4
  3056 | D:3      | Reached skill level 4 in Fighting
  3185 | D:4      | Found a sand-covered staircase.
  3234 | Ossuary  | Entered an ossuary
  3364 | Ossuary  | Reached *** piety under Trog
  3469 | Ossuary  | Reached XP level 5. HP: 15/34 MP: 5/5
  3711 | Ossuary  | Reached XP level 6. HP: 20/39 MP: 6/6
  4418 | D:4      | Found the +7 mace of Variability {chain chaos}
  4431 | D:4      | Noticed a black bear
  4439 | D:4      | Killed a black bear
  4440 | D:4      | Reached skill level 5 in Fighting
  4549 | D:4      | Reached XP level 7. HP: 33/44 MP: 7/7
  4747 | D:4      | Found a hide-covered altar of Uskayaw.
  4802 | D:4      | Reached skill level 5 in Maces & Flails
  4807 | D:4      | Found a staircase to the Ecumenical Temple.
  4835 | D:4      | Noticed Natasha
  4844 | D:4      | Killed Natasha
  4912 | D:4      | Reached skill level 5 in Armour
  5832 | D:5      | Entered Level 5 of the Dungeon
  6046 | D:5      | Reached skill level 6 in Fighting
  6123 | D:5      | Reached **** piety under Trog
  6124 | D:5      | Reached XP level 8. HP: 43/51 MP: 8/8
  6327 | D:5      | Found a shimmering blue altar of Sif Muna.
  6485 | D:5      | Found a runed translucent door.
  6485 | D:5      | Noticed diana's ghost (novice KoHu)
  7003 | D:5      | Noticed a two-headed ogre
  7009 | D:5      | Killed a two-headed ogre
  7136 | D:5      | Killed diana's ghost
  7137 | D:5      | Reached skill level 7 in Fighting
  7191 | D:6      | Found an opulent altar of Gozag.
  7214 | D:6      | Reached XP level 9. HP: 43/57 MP: 9/9
  7222 | D:6      | Identified the +4 mace "Omelette" {vorpal, Int+2}
  7471 | D:6      | Found Xippas Dola's General Store.
  7474 | D:6      | Bought a scroll of teleportation for 33 gold pieces
  7929 | D:6      | Found a basalt altar of Yredelemnul.
  7991 | D:6      | Found a stormy altar of Qazlal.
  8191 | D:7      | Noticed a two-headed ogre
  8199 | D:7      | Killed a two-headed ogre
  8200 | D:7      | Reached skill level 8 in Fighting
  8431 | D:7      | Killed an unseen horror
  8432 | D:7      | Reached XP level 10. HP: 15/65 MP: 10/10
  8939 | D:7      | Reached skill level 9 in Fighting
  9150 | D:7      | Found an ornate altar of the Wu Jian Council.
  9150 | D:7      | Found a snail-covered altar of Cheibriados.
  9451 | D:8      | Noticed a two-headed ogre
  9460 | D:8      | Killed a two-headed ogre
  9604 | D:8      | Found a hazy altar of Hepliaklqana.
  9605 | D:8      | Found a shimmering altar of Xom.
  9606 | D:8      | Noticed a spectral ugly thing
  9751 | D:8      | Noticed Pikel
  9763 | D:8      | Killed Pikel
  9764 | D:8      | Reached skill level 5 in Dodging
 10334 | D:8      | Noticed Joseph
 10344 | D:8      | Killed Joseph
 10358 | D:8      | Found a glowing golden altar of the Shining One.
 10530 | D:8      | Noticed Maggie
 10541 | D:8      | Killed Maggie
 10641 | D:9      | Reached skill level 10 in Fighting
 10718 | D:9      | Splashed by an acid dragon's acid

Illustrated notes

Levels and vault maps discovered:
D:1:      dpeg_arrival_tiny_k, layout_loops_ring
D:2:      layout_rooms, ebering_ecumenical_altar_ruins
D:3:      layout_loops_corners, serial_forest, infiniplex_forest_corner_2,
          infiniplex_forest_end_1, infiniplex_forest_zigzag_1,
          infiniplex_forest_straight_1, infiniplex_forest_lined_corner,
          infiniplex_forest_lined_ring, infiniplex_forest_clump_long,
          minmay_strange_pillars, minmay_box_of_dots
D:4:      layout_basic, mainiacjoe_overflow_six_doors_small,
          minmay_temple_entry_slanted, enter_ossuary_3, uniq_natasha
D:5:      layout_basic, mainiacjoe_overflow_chevrons, gammafunk_ghost_grave
D:6:      layout_basic, lemuel_tele_altar, mainiacjoe_overflow_boulevard,
          kennysheep_little_box, serial_shops, nicolae_shop_window_shopping
D:7:      layout_loops_cross, gammafunk_temple_overflow_elements
D:8:      layout_basic, regret_index_temple_of_mockery,
          mainiacjoe_overflow_tiny_flanked, uniq_pikel, uniq_maggie, uniq_joseph
D:9:      layout_rooms, nemelex_spade_bored_becter, marbit_many_paths,
          mainiacjoe_overflow_alcove_4, uniq_erica

Skill      XL: |  1  2  3  4  5  6  7  8  9 10 |
---------------+-------------------------------+-----
Dodging        | 2 3 4 5 |  5.3
Armour         | 3 4 5 6 8 9 |  9.7
Fighting       | 4 5 6 7 8 10 | 10.0
Maces & Flails | 4 5 6 8 9 |  9.1

Action                   |  1- 3 |  4- 6 |  7- 9 | 10-12 || total
-------------------------+-------+-------+-------+-------++-------
Melee: Mace              |   118 |   226 |   283 |   137 ||   764
Invok: Berserk           |     1 |     2 |     5 |     7 ||    15
       Brothers in Arms  |       |       |     1 |       ||     1
       Trog's Hand       |       |       |     1 |     1 ||     2
 Stab: Sleeping          |     1 |       |       |       ||     1
       Distracted        |       |       |     1 |       ||     1
Armor: Animal skin       |    43 |    67 |    77 |    45 ||   232
Dodge: Dodged            |    73 |   245 |   264 |   143 ||   725
